AoeStats
← Michi3052

Arabia

506193359Analyzed
1v1 RM · 21d ago on Sep 12, 2026· 41m 26s· 2 players
Game mode
Random Map
Map size
Tiny (2 player)
Population
200
Speed
Normal
Resources
Standard
Victory
Conquest
Starting age
Dark Age
Ending age
Imperial Age
RankedLock teamsTeams togetherTeam positionsShared explorationLock speedFull tech treeHidden civsTurbo modeCheats
Victory
Defeat
🇲🇽 Cumans · Mexico
782
+14
🇪🇸 Malay · Spain
742
-14
Michi3052
11:29 Feudal Age
12:15 Double-Bit Axe
21:14 Castle Age
19:55 Horse Collar
20:07 Gold Mining
21:34 Bow Saw
24:30 Loom
26:12 Forging
25:51 Arson
26:06 Squires
28:21 Wheelbarrow
35:35 Town Watch
43:45 Imperial Age
Valquiria
9:48 Loom
11:57 Feudal Age
13:48 Double-Bit Axe
13:44 Horse Collar
16:23 Fletching
19:21 Castle Age
19:14 Man-at-Arms
21:09 Bodkin Arrow
21:40 Forging
21:39 Scale Barding Armor
21:35 Padded Archer Armor
22:42 Ballistics
22:33 Masonry
23:46 Forging
24:40 Long Swordsman
28:56 Murder Holes
30:50 Iron Casting
30:17 Scale Mail Armor
31:38 Fervor
40:10 Imperial Age
38:51 Chain Barding Armor
40:49 Heavy Plow
Connection lost

Rejoining the realm…

Still unreachable

The connection could not be restored.

Session expired

The server has moved on; the page needs a fresh start.